 Dungeon Crawl Stone Soup version 0.26.1-11-gd32895ea62 (webtiles) character file.

Game seed: 15173977015751493737

9618 Zeld the Severer (level 11, -25/97 HPs)
             Began as a Deep Dwarf Fighter on June 4, 2021.
             Was a Believer of Makhleb.
             Hit by a large rock thrown by a stone giant (30 damage)
             ... on level 10 of the Dungeon.
             The game lasted 00:14:50 (9009 turns).

Zeld the Severer (Deep Dwarf Fighter)               Turns: 9009, Time: 00:14:51

Health: -25/97     AC: 12    Str: 23    XL:     11   Next: 25%
Magic:  4/4        EV:  7    Int:  9    God:    Makhleb [**....]
Gold:   1694       SH: 10    Dex: 12    Spells: 10/10 levels left

rFire    . . .     SeeInvis +   a - +3 war axe (spect)
rCold    . . .     Faith    .   c - +0 kite shield
rNeg     . . .     Spirit   .   b - +0 scale mail
rPois    .         Reflect  .   i - +2 hat {SInv}
rElec    .         Harm     .   D - +2 cloak
rCorr    .         Rampage  .   (no gloves)
Will     +....                  (no boots)
Stlth    ..........             (no amulet)
HPRegen  0.00/turn              (no ring)
MPRegen  0.09/turn              (no ring)

@: non-regenerating
A: damage resistance, heal wounds, sense surroundings 2, no regeneration
a: Heal Wounds, Renounce Religion, Minor Destruction


You were on level 10 of the Dungeon.
You worshipped Makhleb.
Makhleb was pleased with you.
You visited 2 branches of the dungeon, and saw 11 of its levels.
You also visited: Sewer.

You collected 2128 gold pieces.
You spent 434 gold pieces at shops.

Inventory:

Hand Weapons
 a - a +3 spectral war axe (weapon)
Armour
 b - a +0 scale mail (worn)
 c - a +0 kite shield (worn)
 i - a +2 hat of see invisible (worn)
 D - a +2 cloak (worn)
Jewellery
 J - an uncursed ring of resist corrosion
Wands
 t - a wand of digging (4)
 B - a wand of disintegration (24)
 E - a wand of paralysis (9)
Scrolls
 e - 2 scrolls of blinking
 f - a scroll of amnesia
 h - 9 scrolls of remove curse
 n - 9 scrolls of teleportation
 o - 4 scrolls of fear
 y - 2 scrolls of magic mapping
 F - 2 scrolls of holy word
Potions
 g - a potion of magic
 j - 5 potions of brilliance
 m - 2 potions of resistance
 r - 5 potions of heal wounds {unknown}
 s - a potion of haste {unknown}
 x - a potion of cancellation {unknown}
 A - a potion of berserk rage {unknown}
 C - 3 potions of flight
 H - 4 potions of curing
Miscellaneous
 k - a phial of floods
 q - a phantom mirror (inert)


   Skills:
 * Level 5.6 Fighting
 - Level 16.0 Axes
 - Level 3.2 Armour
 + Level 5.3 Shields
 * Level 7.0 Invocations


You had 10 spell levels left.
You didn't know any spells.
Your spell library contained the following spells:

 Spells                   Type           Power        Failure   Level
 Apportation              Tloc           0%           98%         1
 Beastly Appendage        Tmut           0%           98%         1
 Foxfire                  Conj/Fire      0%           98%         1
 Sting                    Tmut/Pois      0%           98%         1
 Poisonous Vapours        Pois/Air       0%           99%         2
 Wereblood                Tmut           0%           99%         2
 Conjure Flame            Conj/Fire      0%           100%        3
 Ignite Poison            Fire/Tmut/Pois 0%           100%        3
 Inner Flame              Hex/Fire       0%           100%        3
 Mephitic Cloud           Conj/Pois/Air  0%           100%        3
 Spider Form              Tmut/Pois      0%           100%        3
 Ice Form                 Ice/Tmut       0%           100%        4
 Olgreb's Toxic Radiance  Pois           0%           100%        4
 Sticky Flame             Conj/Fire      0%           100%        4
 Blade Hands              Tmut           0%           100%        5
 Fireball                 Conj/Fire      0%           100%        5


Dungeon Overview and Level Annotations

Branches:
Dungeon (10/15)            Temple (1/1) D:4            Lair (0/6) D:9
  Sewer (visited)
    Orc: D:9-12

Altars:
Ashenzari
Cheibriados
Dithmenos
Elyvilon
Fedhas
Gozag
Hepliaklqana
Kikubaaqudgha
Makhleb
Nemelex Xobeh
Okawaru
Qazlal
Ru
Sif Muna
Trog
Uskayaw
Vehumet
Wu Jian
Xom
Yredelemnul
Zin
The Shining One

Shops:
D:6 !


Innate Abilities, Weirdness & Mutations

You are resistant to damage.
You can heal yourself by infusing magical energy.
You passively map the area around you.
You do not regenerate.


Message History

* * * LOW HITPOINT WARNING * * *
You feel much better. The stone giant hits you!!
* * * LOW HITPOINT WARNING * * *
You fail to use your ability.
You block the stone giant's attack.
You feel much better.
The stone giant hits you but does no damage.
You feel much better. You block the stone giant's attack.
Your magical essence is drained by the effort!
You feel much better. The stone giant hits you!
You feel much better. The stone giant hits you!!
Okay, then.
The stone giant throws a large rock.
The large rock hits you!!
You see here 2 large rocks.
Things that are here:
a +0 long sword; a +0 chain mail The stone giant throws a large rock.
The large rock hits you!!!
* * * LOW HITPOINT WARNING * * *
You see here a large rock.
The stone giant throws a large rock.
The large rock hits you!!
You die...

.........^.#........#
...........#......†.#
..........(####.....#
#.............#.....######
#........................#
#............8####8...####
#<...........'(...'...#
##†#######...8#..#8...#
#[#†......####'@####.#
#.'.......#⌠.#.(#.⌠#..#
#.#.......#.o#..#..#..#
#.#.......#._#.)#C.#..#*
##.#....÷..#..#..#..# ..
...#.......##....C.##, *
...#######..######## *
......Q........... ,, ,
...............#.. , , ,*


You could see a stone giant.

Vanquished Creatures
  Gastronok (D:10)
  Harold (D:7)
  A two-headed ogre (D:10)
  A tengu warrior (D:10)
  An orc knight (D:10)
  A moth of wrath (D:2)
  A troll (D:10)
  3 slime creatures (D:10)
  Sigmund (D:2)
  6 yaks (D:9)
  Menkaure (D:5)
  An acid dragon (D:10)
  2 water moccasins
  Duvessa (D:4)
  A sky beast (D:4)
  An orc warrior (D:8)
  A necrophage (D:7)
  2 phantoms
  5 ogres
  5 centaurs
  8 bullfrogs
  A wyvern zombie (D:9)
  Dowan (D:4)
  A water moccasin zombie (D:7)
  A scorpion (D:6)
  A killer bee (D:10)
  4 howler monkeys
  A quasit (D:10)
  6 hounds
  2 orc priests
  Crazy Yiuf (D:5)
  3 jellies
  3 orc wizards
  Jessica (D:2)
  An iguana (D:10)
  3 worker ants
  A hound zombie (D:5)
  Robin (D:4)
  2 worker ant zombies (D:7)
  9 gnolls
  5 adders
  2 shadow imps
  A white imp (D:5)
  An ufetubus (D:9)
  2 oozes
  An adder zombie (D:8)
  6 worms
  4 dart slugs
  3 leopard geckos
  15 orcs
  A ball python (D:1)
  7 bats
  8 giant cockroaches
  2 gnoll zombies (D:4)
  20 goblins
  14 hobgoblins
  17 jackals
  12 kobolds
  5 quokkas
  6 frilled lizards
  A jackal skeleton (D:4)
  2 leopard gecko zombies
  11 rats
234 creatures vanquished.

Vanquished Creatures (others)
  Blork the orc (D:5)
  4 plants (D:9)
5 creatures vanquished.

Grand Total: 239 creatures vanquished

Notes
Turn   | Place    | Note
-------+----------+-------------------------------------------
     0 | D:1      | Zeld the Deep Dwarf Fighter began the quest for the Orb.
     0 | D:1      | Reached XP level 1. HP: 20/20 MP: 1/1
    72 | D:1      | Reached skill level 3 in Axes
    72 | D:1      | Reached XP level 2. HP: 27/27 MP: 2/2
   340 | D:1      | Reached XP level 3. HP: 26/33 MP: 3/3
   368 | D:1      | Reached skill level 4 in Axes
   872 | D:2      | Reached XP level 4. HP: 35/40 MP: 4/4
   887 | D:2      | Reached skill level 5 in Axes
   924 | D:2      | Found a broken altar of Ashenzari.
   928 | D:2      | Noticed Jessica
   979 | D:2      | Noticed Sigmund
   990 | D:2      | Killed Sigmund
   991 | D:2      | Reached skill level 6 in Axes
   991 | D:2      | Reached XP level 5. HP: 35/46 MP: 5/5
  1113 | D:2      | Reached skill level 7 in Axes
  1113 | D:2      | Reached XP level 6. HP: 18/55 MP: 6/6
  1350 | D:2      | Noticed a moth of wrath
  1354 | D:2      | Found a bloodstained altar of Trog.
  1480 | D:3      | Found an iron altar of Okawaru.
  1664 | D:2      | Killed Jessica
  2306 | D:4      | Noticed Robin
  2314 | D:4      | Reached skill level 8 in Axes
  2328 | D:4      | Killed Robin
  2379 | D:4      | Reached XP level 7. HP: 28/61 MP: 7/7
  2481 | D:4      | Found a glowing drain.
  2486 | Sewer    | Entered a sewer
  2567 | Sewer    | Reached skill level 9 in Axes
  2745 | D:4      | Found a staircase to the Ecumenical Temple.
  2780 | D:4      | Noticed Dowan
  2781 | D:4      | Noticed Duvessa
  2789 | Temple   | Entered the Ecumenical Temple
  3241 | D:4      | Killed Duvessa
  3249 | D:4      | Killed Dowan
  3273 | D:4      | Reached skill level 10 in Axes
  3426 | D:4      | Found a basalt altar of Yredelemnul.
  3473 | D:5      | Entered Level 5 of the Dungeon
  3506 | D:4      | Reached XP level 8. HP: 56/68 MP: 6/6
  3650 | D:5      | Noticed Menkaure
  3657 | D:5      | Killed Menkaure
  3658 | D:5      | Reached skill level 11 in Axes
  3799 | D:5      | Noticed Blork the orc
  3806 | D:5      | Killed Blork the orc
  3934 | D:5      | Found a runed translucent door.
  3935 | D:5      | Noticed Crazy Yiuf
  3941 | D:5      | Killed Crazy Yiuf
  4064 | D:5      | Found a burning altar of Makhleb.
  4236 | D:5      | Became a worshipper of Makhleb the Destroyer
  4527 | D:6      | Reached skill level 12 in Axes
  4566 | D:6      | Found a shadowy altar of Dithmenos.
  4629 | D:6      | Found an ornate altar of the Wu Jian Council.
  4664 | D:6      | Found a radiant altar of Vehumet.
  4698 | D:6      | Found an ancient bone altar of Kikubaaqudgha.
  4699 | D:6      | Found a shimmering blue altar of Sif Muna.
  4703 | D:6      | Identified Sif Muna's Catalogue of the Traveller
  4898 | D:6      | Found Wicvitop's Distillery.
  4906 | D:6      | Bought a potion of curing for 42 gold pieces
  4906 | D:6      | Bought a potion of curing for 42 gold pieces
  4906 | D:6      | Bought a potion of flight for 42 gold pieces
  4906 | D:6      | Bought a potion of brilliance for 56 gold pieces
  5009 | D:7      | Gained mutation: You passively map the area around you.
                  | [Deep Dwarf growth]
  5009 | D:7      | Reached XP level 9. HP: 53/74 MP: 7/7
  5210 | D:7      | Noticed Harold
  5227 | D:7      | Killed Harold
  5228 | D:7      | Reached skill level 13 in Axes
  5353 | D:7      | Reached skill level 14 in Axes
  5442 | D:7      | Found a shimmering altar of Xom.
  5567 | D:7      | Found a blossoming altar of Fedhas.
  5701 | D:7      | Identified a scroll of acquirement
  5709 | D:7      | Acquired 861 gold pieces
  5783 | D:6      | Bought a potion of magic for 112 gold pieces
  5783 | D:6      | Bought a potion of resistance for 140 gold pieces
  5885 | D:8      | Reached * piety under Makhleb
  6079 | D:8      | Found a snail-covered altar of Cheibriados.
  6079 | D:8      | Found a blossoming altar of Fedhas.
  6171 | D:8      | Found a stormy altar of Qazlal.
  6566 | D:9      | Reached skill level 15 in Axes
  6566 | D:9      | Reached XP level 10. HP: 63/81 MP: 7/7
  6960 | D:2      | Killed a moth of wrath
  7854 | D:9      | Found a staircase to the Lair.
  8121 | D:10     | Entered Level 10 of the Dungeon
  8141 | D:10     | Acquired 667 gold pieces
  8175 | D:10     | Noticed a two-headed ogre
  8193 | D:10     | Killed a two-headed ogre
  8194 | D:10     | Reached skill level 16 in Axes
  8225 | D:10     | Noticed Gastronok
  8241 | D:10     | Killed Gastronok
  8242 | D:10     | Reached skill level 5 in Invocations
  8469 | D:10     | Reached ** piety under Makhleb
  8489 | D:10     | Noticed a tengu warrior
  8832 | D:10     | Reached XP level 11. HP: 93/93 MP: 7/7
  8851 | D:10     | Killed a tengu warrior
  8852 | D:10     | Reached skill level 5 in Fighting
  8852 | D:10     | Reached skill level 5 in Shields
  8883 | D:10     | Found a large runed translucent door.
  8884 | D:10     | Found a large runed translucent door.
  8933 | D:10     | Found a bloodstained altar of Trog.
  8933 | D:10     | Noticed an orc knight
  8971 | D:10     | Killed an orc knight
  8979 | D:10     | Found a blossoming altar of Fedhas.
  8979 | D:10     | Noticed a stone giant
  9009 | D:10     | Hit by a large rock thrown by a stone giant

Illustrated notes

Levels and vault maps discovered:
D:1:      lemuel_arrival_hallway, layout_basic, feat_on_display
D:2:      layout_rooms, nicolae_overflow_hidden_temple, tgw_trog, uniq_sigmund,
          uniq_jessica
D:3:      layout_loops_ring, minmay_misc_feat_doors, okawaru_gym_becter
D:4:      layout_rooms, lemuel_zombie_altar_yredelemnul,
          minmay_temple_entry_tees, portal_sewer_entry_e, uniq_robin,
          uniq_duvessa
D:5:      layout_rooms, lightli_temple_of_fire, uniq_blork_the_orc,
          uniq_crazy_yiuf_cottage, uniq_menkaure
D:6:      layout_loops_ring, grunt_temple_overflow_magic_moments,
          grunt_dithmenos_shadows, nzn_wu_jian_contemplation, serial_shops, shop
D:7:      layout_loops_ring, tgw_xom, fedhas_altar_fruit_tree, uniq_harold
D:8:      layout_rooms, nicolae_qazlal_eye_of_the_storm,
          gammafunk_temple_overflow_pools
D:9:      layout_loops_ring, lair_entry_dummy, serial_bayou,
          serial_bayou_lagoon_b, serial_bayou_pond_e, serial_bayou_pond_b,
          serial_bayou_pond_d
D:10:     layout_irregular_city, jmf_multi_god_temple2, uniq_erica,
          uniq_gastronok
Temple:   grunt_temple_mini_profane

Skill      XL: |  1  2  3  4  5  6  7  8  9 10 11 |
---------------+----------------------------------+-----
Axes           | 3 4 6 7 8 10 12 15 16 | 16.0
Fighting       | 4 5 |  5.6
Invocations    | 5 7 |  7.0
Shields        | 4 5 |  5.3
Armour         | |  3.2

Action                   |  1- 3 |  4- 6 |  7- 9 | 10-12 || total
-------------------------+-------+-------+-------+-------++-------
Melee: War axe           |    89 |   216 |   355 |   206 ||   866
 Abil: Heal Wounds       |     2 |     6 |    15 |    33 ||    56
Evoke: Wand              |       |       |       |     1 ||     1
       Phantom mirror    |       |       |       |     1 ||     1
  Use: Scroll            |       |       |    26 |     5 ||    31
       Potion            |       |       |       |     2 ||     2
Armor: Scale mail        |    45 |    74 |   119 |    51 ||   289
Dodge: Dodged            |    39 |    52 |    86 |    44 ||   221
Block: Kite shield       |    53 |   112 |   136 |    82 ||   383
